 Dungeon Crawl Stone Soup version 0.28.0-43-g3370ac3207 (webtiles) character file.

Game seed: 8684841750022068275

14 Lynix the Ducker (level 2, -3/16 HPs)
             Began as a Spriggan Abyssal Knight on Mar 19, 2022.
             Was an Initiate of Lugonu.
             Slain by an adder (5 damage)
             ... on level 2 of the Dungeon.
             The game lasted 00:14:13 (1873 turns).

Lynix the Ducker (Spriggan Abyssal Knight)          Turns: 1873, Time: 00:14:13

Health: -3/16      AC:  2    Str:  9    XL:     2   Next: 27%
Magic:  4/4        EV: 18    Int: 11    God:    Lugonu [......]
Gold:   54         SH:  0    Dex: 15    Spells: 1/1 levels left

rFire   . . .      SeeInvis +   i - +0 dagger
rCold   . . .      Faith    .   (no shield)
rNeg    . . .      Spirit   .   b - +0 robe
rPois   .          Reflect  .   (helmet restricted)
rElec   .          Harm     .   (no cloak)
rCorr   .          Rampage  .   (gloves unavailable)
Will    .....                   (boots unavailable)
Stlth   ++........              (no amulet)
HPRegen 0.05/turn               j - ring of flight
MPRegen 0.09/turn               (no ring)

@: flying, very quick
A: very small, no large weapons, unfitting armour, see invisible, speed 3
a: Renounce Religion


You were on level 2 of the Dungeon.
You worshipped Lugonu.
Lugonu was noncommittal.
You visited 1 branch of the dungeon, and saw 2 of its levels.
You visited the Abyss 1 time.

You collected 54 gold pieces.

Inventory:

Hand Weapons
 i - a +0 dagger (weapon)
Missiles
 g - 47 arrows
 m - 3 poisoned darts
Armour
 b - a +0 robe (worn)
 e - a +0 helmet
Jewellery
 j - a ring of flight (left hand)
Scrolls
 a - 2 scrolls of identify {unknown}
 f - a scroll of teleportation {unknown}
 k - a scroll of immolation {unknown}
 l - a scroll of fear {unknown}
Potions
 c - 2 potions of flight {unknown}
 d - a potion of cancellation {unknown}
 h - a potion of resistance {unknown}


   Skills:
 + Level 2.5 Fighting
 + Level 2.4 Short Blades
 + Level 3.4 Dodging
 + Level 1.2 Stealth
 + Level 0.4 Spellcasting
 + Level 0.0 Translocations
 + Level 2.0 Invocations


You had one spell level left.
You didn't know any spells.
Your spell library contained the following spells:

 Spells                   Type           Power      Damage    Failure   Level
 Magic Dart               Conj           0%         1d3       34%         1
 Call Imp                 Summ           0%         N/A       45%         2
 Gell's Gravitas          Tloc           0%         N/A       71%         3
 Lesser Beckoning         Tloc           0%         N/A       71%         3
 Mephitic Cloud           Conj/Pois/Air  0%         N/A       71%         3
 Teleport Other           Tloc           0%         N/A       71%         3


Dungeon Overview and Level Annotations

Branches:
Dungeon (2/15)

Altars:


Innate Abilities, Weirdness & Mutations

You are very small and have problems with some larger weapons.
You are too small for most types of armour.
You have supernaturally acute eyesight. (SInv)
You cover ground extremely quickly. (Speed+++)


Message History

The adder poisons you!
You hit the adder but do no damage. Your punch misses the adder.
You feel sick. The adder closely misses you.
You hit the adder but do no damage.
You feel sick. The adder completely misses you.
You barely miss the adder.
You feel sick. The adder bites you.
You hit the adder.
The adder is moderately wounded.
You feel sick. The adder closely misses you.
You barely miss the adder.
The adder is moderately wounded.
The adder misses you.
You closely miss the adder.
The adder is moderately wounded.
You feel sick. The adder completely misses you.
You hit the adder.
The adder is heavily wounded.
You feel sick.
You are no longer poisoned.
The adder misses you. The adder closely misses you.
You hit the adder.
The adder is severely wounded.
The adder misses you.
You barely miss the adder.
The adder is severely wounded.
The adder completely misses you.
You barely miss the adder.
The adder is severely wounded.
The adder barely misses you.
You closely miss the adder.
The adder is severely wounded.
The adder bites you.
* * * LOW HITPOINT WARNING * * *
You closely miss the adder.
The adder is severely wounded.
The adder closely misses you.
You hit the adder.
The adder is severely wounded.
The adder bites you.
You die...

### #.. #.# # #.#
# #S# # #@# #.#
#.# #.# #.# #.#
#.# ##### #.#
....############.#


You could see an adder.

Vanquished Creatures
  2 ball pythons
  An endoplasm (D:1)
  A giant cockroach (D:1)
  A goblin (D:2)
  3 kobolds
  A bat (D:1)
  A frilled lizard (D:1)
  4 rats
14 creatures vanquished.

Vanquished Creatures (others)
  87 plants (D:1)
87 creatures vanquished.

Grand Total: 101 creatures vanquished

Notes
Turn   | Place    | Note
-------+----------+-------------------------------------------
     0 | Abyss:1  | Lynix the Spriggan Abyssal Knight began the quest for the
                  | Orb.
     0 | Abyss:1  | Reached XP level 1. HP: 11/11 MP: 3/3
    41 | D:1      | Escaped the Abyss
   663 | D:1      | Reached skill level 1 in Stealth
  1037 | D:1      | Found a faded altar of an unknown god.
  1037 | D:1      | Noticed a smoke demon
  1064 | D:1      | Reached XP level 2. HP: 15/16 MP: 4/4
  1873 | D:2      | Slain by an adder

Illustrated notes

Levels and vault maps discovered:
D:1:      roderic_crop_circles_arrival_small, layout_basic,
          dreamdust_ecumenical_altar_sealed_demon, kennysheep_crisscross
D:2:      layout_basic, corner_web_ring

Skill      XL: |  1 |
---------------+----+-----
Stealth        | 1 |  1.2
Invocations    | 2 |  2.0
Fighting       | |  2.5
Short Blades   | |  2.4
Dodging        | |  3.4
Spellcasting   | |  0.4

Action                   || total
-------------------------++-------
Melee: Short sword       ||    18
       Unarmed           ||    42
       Punch             ||     3
       Dagger            ||    28
Invok: Depart the Abyss  ||     1
 Stab: Sleeping          ||     2
Armor: Robe              ||     9
Dodge: Dodged            ||    65
